 Dungeon Crawl Stone Soup version 0.20-a0-299-gec7c366 (webtiles) character file.

3170 RedFish the Blocker (level 9, -2/82 HPs)
             Began as a Minotaur Fighter on Dec 15, 2016.
             Was a Believer of Yredelemnul.
             Engulfed by a steam dragon's steam (11 damage)
             ... on level 8 of the Dungeon.
             The game lasted 00:54:14 (6240 turns).

RedFish the Blocker (Minotaur Fighter)              Turns: 6240, Time: 00:54:15

Health: -2/82      AC: 17    Str: 21    XL:     9   Next: 63%
Magic:  22/22      EV:  5    Int:  5    God:    Yredelemnul [**....]
Gold:   118        SH: 11    Dex: 13    Spells: 12/14 levels left

rFire  . . .     SeeInvis .     a - +0 long sword
rCold  . . .     Gourm    .     p - +0 plate armour
rNeg   . . .     Faith    +     c - +0 shield
rPois  +         Spirit   .     (helmet restricted)
rElec  .         Reflect  .     (no cloak)
rCorr  .         Harm     .     r - +0 pair of gloves
MR     .....                    (no boots)
Stlth  ..........               M - amulet of faith
                                g - ring of magical power
                                (no ring)

@: no status effects
A: retaliatory headbutt, horns 2, icy blue scales 1, poison resistance, subdued
magic 1
a: Animate Remains, Recall Undead Slaves, Injury Mirror, Renounce Religion


You were on level 8 of the Dungeon.
You worshipped Yredelemnul.
Yredelemnul was pleased with you.
You were not hungry.

You visited 2 branches of the dungeon, and saw 9 of its levels.

You collected 320 gold pieces.
You spent 202 gold pieces at shops.


Innate Abilities, Weirdness & Mutations

You reflexively headbutt those who attack you in melee.
You have a pair of horns on your head.
You are partially covered in icy blue scales. (AC +2)
Your system is resistant to poisons. (rPois)
Your spells are a little easier to cast, but a little less powerful.


   Skills:
 + Level 8.3 Fighting
 + Level 7.9 Long Blades
 + Level 8.3 Armour
 + Level 8.4 Shields
 + Level 3.4 Spellcasting


You had 12 spell levels left.
You knew the following spells:

 Your Spells              Type           Power        Failure   Level  Hunger
b - Blink                 Tloc           N/A          100%        2    ###....

Inventory:

Hand Weapons
 a - a +0 long sword (weapon)
Missiles
 N - 7 curare-tipped needles {=f}
Armour
 b - a +0 scale mail
 c - a +0 shield (worn)
 p - a +0 plate armour (worn)
 r - a +0 pair of gloves (worn)
 J - a +0 cloak
Magical Staves
 y - an uncursed staff of conjuration {unknown}
Jewellery
 g - a ring of magical power (right hand)
 x - an uncursed ring of protection from magic {unknown}
 M - an amulet of faith (around neck)
Wands
 E - a wand of polymorph (2/24)
 F - a wand of flame (16/48)
Scrolls
 e - 2 scrolls of random uselessness {unknown}
 h - 4 scrolls of amnesia
 j - a scroll of fog {unknown}
 k - 6 scrolls of magic mapping
 n - 9 scrolls of identify {@r1}
 s - 3 scrolls of remove curse
 v - 2 scrolls of noise {unknown}
 z - a scroll of teleportation {unknown}
 A - 2 scrolls of recharging
 D - a scroll of immolation {unknown}
 G - a scroll of summoning {unknown}
Potions
 d - 2 potions of might
 i - 2 potions of agility {unknown}
 l - a potion of haste {unknown}
 m - 2 potions of berserk rage {unknown}
 q - a potion of cure mutation {unknown}
 t - 3 potions of curing {@q1}
 u - a potion of ambrosia {unknown}
 B - a potion of brilliance {unknown}
 C - 4 potions of heal wounds {@q2}
 I - a potion of resistance {unknown}
Books
 w - a book of Minor Magic

   Spells                             Type                      Level
   a - Magic Dart                     Conjuration                  1
   b - Blink                          Translocation                2
   c - Call Imp                       Summoning                    2
   d - Repel Missiles                 Charms/Air                   2
   e - Slow                           Hexes                        2
   f - Conjure Flame                  Conjuration/Fire             3
   g - Mephitic Cloud                 Conjuration/Poison/Air       3
Comestibles
 f - 8 bread rations
 o - a slice of pizza
 H - a beef jerky
 K - 6 chunks of flesh
 L - a meat ration

Dungeon Overview and Level Annotations

Branches:
Dungeon (8/15)             Temple (1/1) D:4
   Lair: D:8-11

Altars:
Ashenzari
Cheibriados
Dithmenos
Elyvilon
Fedhas
Hepliaklqana
Kikubaaqudgha
Makhleb
Nemelex Xobeh
Okawaru
Qazlal
Ru
Sif Muna
Trog
Uskayaw
Vehumet
Xom
Yredelemnul
The Shining One

Shops:
D:5 !   D:6 !

Annotations:
D:3 unseenchild's ghost, amateur DrIE

......▒▒▒▒▒ ▒▒▒▒.)(...▒
..▒▒▒.....▒▒▒▒▒..▒...(.▒▒
..▒▒▒..▒▒▒▒▒...▒.▒.▒...▒▒▒
..▒▒..▒▒ ▒.....▒........
▒▒▒▒..▒▒ ▒........▒▒
...▒../▒▒ ▒...▒.▒▒...
........▒▒ ▒▒▒..▒..▒ ....
.........▒ ▒.D%.▒.▒▒ ▒...
.........▒ ▒#▒H...▒ ....
.........▒ ▒.....#....▒
........▒▒ ▒.▒▒▒..#...▒
...▒...▒▒ ▒. ▒......▒
▒▒▒▒▒▒▒▒ ▒ ▒......▒
▒▒▒▒▒▒▒▒


You could see a steam dragon.


Message History

The ball of steam hits you!
* * * LOW HITPOINT WARNING * * *
Your shield and plate armour prevent you from hitting the steam dragon.
The steam dragon is almost dead.
You are engulfed in a cloud of scalding steam.
You block the steam dragon's attack.
The steam dragon claws you but does no damage.
You closely miss the steam dragon. Your headbutt misses the steam dragon.
The steam dragon is almost dead.
The steam dragon bites you.
* * * LOW HITPOINT WARNING * * *
You block the steam dragon's attack.
You closely miss the steam dragon.
The steam dragon is almost dead.
You are engulfed in a cloud of scalding steam.
* * * LOW HITPOINT WARNING * * *
You block the steam dragon's attack. You block the steam dragon's attack.
You hit the steam dragon but do no damage.
Your headbutt misses the steam dragon.
The steam dragon is almost dead.
The steam dragon breathes steam at you. The ball of steam hits you!
* * * LOW HITPOINT WARNING * * *
You closely miss the steam dragon.
The steam dragon is almost dead.
You are engulfed in a cloud of scalding steam.
You die...
Your body rises from the dead as a mindless zombie.

Action                   |  1- 3 |  4- 6 |  7- 9 || total
-------------------------+-------+-------+-------++-------
Melee: Long sword        |   118 |   174 |   305 ||   597
       Headbutt          |    16 |    26 |    74 ||   116
Invok: Animate Remains   |       |       |     2 ||     2
Evoke: Wand              |       |       |     9 ||     9
  Use: Scroll            |     4 |     2 |       ||     6
       Potion            |     1 |     1 |     1 ||     3
  Eat: Chunk             |     1 |     5 |    11 ||    17
       Beef jerky        |       |     1 |       ||     1
Armor: Scale mail        |    32 |       |       ||    32
       Plate armour      |    30 |   109 |   175 ||   314
Dodge: Dodged            |    34 |    39 |    59 ||   132
Block: Shield            |    67 |    90 |   194 ||   351
       Rpst.: Long sword |     8 |    12 |    12 ||    32

Vault maps used:
D:1:      dpeg_arrival_houses_and_road
D:2:      eat_drink_and_be_merry_uskayaw
D:4:      minmay_misc_feat_tower, corexii_hall_statues_s,
          minmay_strange_pillars, uniq_eustachio
D:5:      serial_shops, nicolae_shop_window_shopping, first_bread, minivault_14,
          serial_bayou_pond_a
D:6:      ashenzari_conservatory_becter, overflow_temple_1_default,
          led_sif_book, serial_shops, kennysheep_mini, solitary_fountain,
          bloody_trog, uniq_grinder
D:7:      uniq_crazy_yiuf_cottage, uniq_prince_ribbit1, uniq_duvessa
D:8:      grunt_temple_overflow_gold_and_silver
Temple:   regret_index_temple_generic_petals

Notes
Turn   | Place    | Note
-------+----------+-------------------------------------------
     0 | D:1      | RedFish the Minotaur Fighter began the quest for the Orb.
     0 | D:1      | Reached XP level 1. HP: 19/19 MP: 0/0
    88 | D:1      | Gained mutation: Your system is resistant to poisons. (rPois) [potion of mutation]
    88 | D:1      | Gained mutation: Your spells are a little easier to cast, but a little less powerful. [potion of mutation]
    88 | D:1      | Gained mutation: You are partially covered in icy blue scales. (AC +2) [potion of mutation]
   449 | D:2      | Reached XP level 2. HP: 25/27 MP: 1/1
   511 | D:2      | Reached skill level 3 in Long Blades
   537 | D:2      | Found a hide-covered altar of Uskayaw.
   549 | D:2      | Reached skill level 4 in Shields
   606 | D:2      | Reached skill level 4 in Armour
   606 | D:2      | Reached XP level 3. HP: 21/33 MP: 2/2
   735 | D:2      | Reached skill level 4 in Fighting
  1225 | D:3      | Reached XP level 4. HP: 40/40 MP: 3/3
  1229 | D:3      | Noticed an orc warrior
  1246 | D:3      | Killed an orc warrior
  1246 | D:3      | Reached XP level 5. HP: 29/47 MP: 4/4
  1450 | D:3      | Reached skill level 5 in Shields
  1492 | D:3      | Reached skill level 4 in Long Blades
  1625 | D:3      | Noticed unseenchild's ghost (amateur DrIE)
  1667 | D:2      | Reached skill level 5 in Fighting
  1984 | D:4      | Noticed Eustachio
  2004 | D:4      | Killed Eustachio
  2004 | D:4      | Reached skill level 5 in Armour
  2004 | D:4      | Reached XP level 6. HP: 20/56 MP: 5/5
  2507 | D:4      | Reached skill level 5 in Long Blades
  2545 | D:4      | Found a staircase to the Ecumenical Temple.
  2970 | D:4      | Reached XP level 7. HP: 58/62 MP: 6/6
  2994 | D:4      | Learned a level 2 spell: Blink
  2996 | Temple   | Entered the Ecumenical Temple
  3175 | Temple   | Became a worshipper of Yredelemnul the Dark
  3246 | D:5      | Entered Level 5 of the Dungeon
  3267 | D:5      | Reached skill level 6 in Fighting
  3312 | D:5      | Reached skill level 6 in Shields
  3319 | D:5      | Reached skill level 6 in Armour
  3368 | D:5      | Found Tavacky's Distillery.
  3397 | D:5      | Reached skill level 1 in Spellcasting
  3410 | D:5      | Bought a potion of might for 44 gold pieces
  3410 | D:5      | Bought a potion of curing for 33 gold pieces
  3410 | D:5      | Bought a potion of heal wounds for 55 gold pieces
  3825 | D:6      | Found a bloodstained altar of Trog.
  4061 | D:6      | Found a burning altar of Makhleb.
  4198 | D:6      | Reached XP level 8. HP: 65/71 MP: 9/9
  4203 | D:6      | Found a shattered altar of Ashenzari.
  4303 | D:6      | Reached skill level 6 in Long Blades
  4352 | D:6      | Noticed Grinder
  4360 | D:6      | Paralysed by Grinder for 5 turns
  4372 | D:6      | Killed Grinder
  4372 | D:6      | Reached * piety under Yredelemnul
  4523 | D:6      | Found Elidd's Distillery.
  4526 | D:6      | Bought a potion of heal wounds for 70 gold pieces
  4546 | D:6      | Found a deep blue altar of Sif Muna.
  4609 | D:7      | Reached skill level 7 in Fighting
  4609 | D:7      | Reached skill level 2 in Spellcasting
  4628 | D:7      | Reached skill level 7 in Armour
  4628 | D:7      | Reached skill level 7 in Shields
  4742 | D:7      | Noticed Dowan
  4744 | D:7      | Noticed Duvessa
  4758 | D:7      | Killed Duvessa
  4759 | D:7      | Killed Dowan
  4933 | D:7      | Reached skill level 7 in Long Blades
  5202 | D:7      | Noticed Prince Ribbit
  5213 | D:7      | Reached XP level 9. HP: 68/79 MP: 11/11
  5352 | D:7      | Killed Prince Ribbit
  5534 | D:7      | Reached skill level 3 in Spellcasting
  5544 | D:7      | Reached skill level 8 in Shields
  5581 | D:7      | Reached skill level 8 in Armour
  5668 | D:7      | Found a runed door.
  5766 | D:7      | Noticed Crazy Yiuf
  5785 | D:7      | Killed Crazy Yiuf
  5821 | D:8      | Reached skill level 8 in Fighting
  6130 | D:8      | Reached ** piety under Yredelemnul
  6240 | D:8      | Engulfed by a steam dragon's steam

Vanquished Creatures
  Prince Ribbit (D:7)
  Grinder (D:6)
  Eustachio (D:4)
  Duvessa (D:7)
  An orc warrior (D:3)
  A sky beast (D:7)
  3 black bears (D:7)
  2 phantoms
  3 ogres (D:5)
  3 centaurs
  2 big kobolds (D:8)
  A bullfrog (D:7)
  Dowan (D:7)
  A wyvern skeleton (D:8)
  A killer bee (D:6)
  A howler monkey (D:5)
  2 crimson imps (D:6)
  A bullfrog zombie (D:8)
  3 hounds
  Crazy Yiuf (D:7)
  A gnoll shaman (D:8)
  2 orc priests (D:6)
  A bullfrog skeleton (D:7)
  3 orc wizards
  2 iguanas
  4 worker ants
  A hound skeleton (D:4)
  8 adders
  5 gnolls (D:8)
  2 shadow imps
  2 oozes
  3 adder skeletons
  4 worms
  A dart slug (D:3)
  4 leopard geckos
  17 orcs
  4 giant cockroaches
  5 goblins
  4 hobgoblins
  10 jackals
  6 quokkas
  A ball python (D:7)
  11 bats
  A frilled lizard (D:3)
  16 kobolds
  5 rats
154 creatures vanquished.

Vanquished Creatures (collateral kills)
  A hippogriff (D:7)
  A bullfrog (D:7)
  A fungus (D:7)
3 creatures vanquished.

Vanquished Creatures (others)
  A ball python zombie (D:7)
1 creature vanquished.

Grand Total: 158 creatures vanquished
